 Dungeon Crawl Stone Soup version 0.16.1-16-gc44b35d (webtiles) character file.

1587 tesudzi the Fighter (level 8, 0/61 HPs)
             Began as an Octopode Assassin on Apr 20, 2015.
             Was an Initiate of Fedhas.
             Slain by a vampire mosquito (2 damage)
             ... summoned by the player character
             ... on level 7 of the Dungeon.
             The game lasted 00:20:38 (5701 turns).

tesudzi the Fighter (Octopode Assassin)             Turns: 5701, Time: 00:20:38

Health: 0/61       AC:  1    Str: 10    XL:     8   Next: 92%
Magic:  4/8        EV: 11    Int: 14    God:    Fedhas [......]
Gold:   255        SH:  0    Dex: 15    Spells: 1 memorised, 5 levels left

rFire  . . .     SeeInvis .     a - +1 trident (flame)
rCold  + . .     Clarity  .     (no shield)
rNeg   . . .     SustAb   .     (helmet restricted)
rPois  +         Gourm    +     h - amulet of the gourmand
rElec  .         Spirit   .     k - ring of protection from cold
rCorr  .         Warding  .     (no ring)
rMut   .         Stasis   .     t - ring of poison resistance
MR     .....                    d - ring of stealth
Stlth  +++++.....               (no ring)
                                (no ring)
                                (no ring)
                                (no ring)

@: drained, not resistant to hostile enchantments, quite stealthy
A: almost no armour, amphibious, 8 rings, constrict 8, camouflage 1, gelatinous
body 1
a: Renounce Religion


You were on level 7 of the Dungeon.
You worshipped Fedhas.
Fedhas was noncommittal.
You were not hungry.

You visited 2 branches of the dungeon, and saw 7 of its levels.

You collected 255 gold pieces.

Inventory:

Hand weapons
 a - a +1 trident of flaming (weapon)
 b - a +0 blowgun
 p - a +0 long sword
 r - a -1 dagger
 w - a +1 shortbow of flaming
 x - a +2 dagger
 H - a +0 scythe of venom
Missiles
 e - 8 poisoned needles
 f - 2 curare-tipped needles
 D - 3 tomahawks (quivered)
 I - 86 arrows
Jewellery
 d - a ring of stealth (on tentacle)
 h - an amulet of the gourmand (around mantle)
 k - a ring of protection from cold (left tentacle)
 l - an uncursed ring of teleportation
 t - a ring of poison resistance (on tentacle)
Magical devices
 v - a wand of lightning (0)
 M - a wand of flame (7)
Scrolls
 c - a scroll of teleportation
 n - a scroll of fear
 s - 3 scrolls of recharging
 y - a scroll of remove curse
 C - a scroll of blinking {unknown}
 G - a scroll of random uselessness {unknown}
 N - 2 scrolls of fog {unknown}
Potions
 i - a potion of cure mutation
 o - a potion of poison {unknown}
 q - 2 potions of haste {unknown}
 u - a potion of agility
 z - a potion of brilliance {unknown}
 B - a potion of restore abilities
 F - a potion of cancellation {unknown}
 J - a potion of heal wounds {unknown}
 K - a potion of ambrosia {unknown}
Books
 m - a book of Annihilations {highlevel, unknown}

   This book is beyond your current level of understanding.

   Spells                             Type                      Level
   a - Poison Arrow                   Conjuration/Poison           6
   b - Chain Lightning                Conjuration/Air              8
   c - Lehudib's Crystal Spear        Conjuration/Earth            8
   d - Glaciate                       Conjuration/Ice              9
   e - Fire Storm                     Conjuration/Fire             9
 A - a book of Spatial Translocations

   Spells                             Type                      Level
   a - Apportation                    Translocation                1
   b - Blink                          Translocation                2
   c - Shroud of Golubria             Charms/Translocation         2
   d - Portal Projectile              Translocation                3
   e - Teleport Other                 Translocation                3
   f - Passage of Golubria            Translocation                4
 L - the Tome of Battle Magic and the Blaze
   (You found it on level 7 of the Dungeon)

   Spells                             Type                      Level
   a - Flame Tongue                   Conjuration/Fire             1
   b - Conjure Flame                  Conjuration/Fire             3
   c - Iskenderun's Battlesphere      Conjuration/Charms           5
   d - Bolt of Fire                   Conjuration/Fire             6
Miscellaneous
 j - a plain deck of summoning {drawn: 7}
Comestibles
 g - 3 bread rations
 E - a beef jerky


   Skills:
 - Level 8.1(7.7) Fighting
 - Level 2.0(1.7) Short Blades
 - Level 4.6(4.2) Polearms
 + Level 4.2(3.9) Bows
 - Level 2.0(1.7) Throwing
 - Level 1.0(0.7) Dodging
 - Level 5.3(4.9) Stealth
 - Level 3.3(3.0) Translocations


You had 5 spell levels left.
You knew the following spells:

 Your Spells              Type           Power        Failure   Level  Hunger
a - Blink                 Tloc           N/A          14%         2    ###....


Dungeon Overview and Level Annotations

Branches:
Dungeon (7/15)             Temple (1/1) D:5

Altars:
Ashenzari
Cheibriados
Elyvilon
Fedhas
Gozag
Kikubaaqudgha
Makhleb
Nemelex Xobeh
Qazlal
Ru
Sif Muna
Vehumet
Xom
Yredelemnul
Zin
The Shining One


Innate Abilities, Weirdness & Mutations

You cannot wear most types of armour.
You are amphibious.
You can wear up to eight rings at the same time.
You can use your tentacles to constrict many enemies at once.
Your skin changes colour to match your surroundings (Stealth).
Your rubbery body absorbs attacks (AC +1).


Message History

The puff of flame hits the vampire mosquito.
The vampire mosquito is lightly damaged.
Evoking this partially-identified wand wasted a few charges.
The vampire mosquito closely misses you.
The vampire mosquito barely misses you.
You see here a hound skeleton.
The vampire mosquito bites you.
* * * LOW HITPOINT WARNING * * *
The vampire mosquito draws strength from your injuries!
The vampire mosquito bites you!
* * * LOW HITPOINT WARNING * * *
The vampire mosquito draws strength from your injuries!
Read which item? (? for menu, Esc to quit)
Okay, then.
Casting: Blink
Confirm with . or Enter, or press ? or * to list all spells.
You blink.
The vampire mosquito misses you. The vampire mosquito barely misses you.
The vampire mosquito bites you.
You die...
Fedhas appreciates your contribution to the ecosystem.

.# #.# #######z .# #.# #.z..B..
.# #.# #.#####. .# #.# # #B#...#.
.# #.############## #.#.....#. .#
#.#............. #.#...###. .#
#......######### #......... .#
###.##.#...§yy# ###.######
.#####.##.#.####@# #.# #...
.......##.#...<#.#########.# #.#.
....#####.#..#.#.z...z.y...# #.#.
.##.......#..#################.#.
.#########.....................#.
.. #...###################. ##
#.......................
###.#################### #.#


You could see 2 vampire mosquitoes and a wight.

Vanquished Creatures
  Eustachio (D:4)
  Menkaure (D:4)
  A black bear (D:6)
  A sky beast (D:5)
  An ogre (D:5)
  2 ice beasts (D:6)
  A centaur (D:6)
  A giant frog (D:6)
  A scorpion (D:5)
  A goliath beetle (D:6)
  A crimson imp (D:7)
  6 hounds
  A jelly (D:7)
  2 worker ants
  An iguana (D:4)
  Ijyb (D:5)
  A hound zombie (D:5)
  2 adders
  2 shadow imps (D:5)
  A giant gecko (D:4)
  An ooze (D:1)
  15 orcs
  7 bats
  A bat skeleton (D:4)
  2 bat zombies
  A giant cockroach (D:4)
  11 goblins
  3 hobgoblins
  7 kobolds
  A ball python (D:1)
  A giant newt (D:1)
  4 jackals (D:5)
  A quokka skeleton (D:4)
  15 rats
99 creatures vanquished.

Vanquished Creatures (collateral kills)
  A raven (D:4)
  The ghost of EmilioHeskey the Chucker, an average OgHu of Makhleb (D:5)
  An ogre (D:6)
  Sigmund (D:4)
  An orc priest (D:4)
  An iguana (D:6)
  A worker ant (D:6)
  A hound zombie (D:5)
  5 orcs (D:4)
  A bat (D:4)
14 creatures vanquished.

Vanquished Creatures (others)
  A yaktaur (D:6)
  A toadstool (D:7)
2 creatures vanquished.

Grand Total: 115 creatures vanquished

Notes
Turn   | Place    | Note
--------------------------------------------------------------
     0 | D:1      | tesudzi, the Octopode Assassin, began the quest for the Orb.
     0 | D:1      | Reached XP level 1. HP: 14/14 MP: 1/1
   155 | D:1      | Reached XP level 2. HP: 18/20 MP: 2/2
   807 | D:2      | Found a sparkling altar of Nemelex Xobeh.
   900 | D:2      | Reached XP level 3. HP: 26/26 MP: 3/3
  1105 | D:2      | You fall through a shaft for 2 floors!
  1154 | D:4      | Found a blossoming altar of Fedhas.
  1156 | D:4      | Noticed Eustachio
  1163 | D:4      | Noticed Menkaure
  1173 | D:4      | Noticed Sigmund
  1177 | D:4      | Killed Eustachio
  1177 | D:4      | Reached skill level 5 in Fighting
  1177 | D:4      | Reached XP level 4. HP: 24/35 MP: 4/4
  1177 | D:4      | Reached XP level 5. HP: 26/39 MP: 5/5
  1286 | D:4      | Reached skill level 6 in Fighting
  1286 | D:4      | Reached XP level 6. HP: 30/46 MP: 6/6
  1550 | D:4      | Killed Sigmund
  1715 | D:4      | Killed Menkaure
  1715 | D:4      | Reached skill level 7 in Fighting
  1934 | D:4      | Found a snail-covered altar of Cheibriados.
  2160 | D:4      | Noticed a raven
  2162 | D:4      | Killed a raven
  2164 | D:4      | Reached XP level 7. HP: 8/54 MP: 7/7
  2577 | D:5      | Entered Level 5 of the Dungeon
  2589 | D:5      | Learned a level 2 spell: Blink
  2613 | D:5      | Found a staircase to the Ecumenical Temple.
  2614 | D:5      | Reached skill level 1 in Translocations
  2622 | Temple   | Entered the Ecumenical Temple
  2788 | D:5      | Noticed Ijyb
  2800 | D:5      | Killed Ijyb
  3246 | D:5      | Noticed EmilioHeskey's ghost (average OgHu)
  3278 | D:5      | Killed EmilioHeskey's ghost
  3355 | D:5      | Reached skill level 1 in Polearms
  3663 | D:5      | Found a glowing silver altar of Zin.
  3679 | D:5      | Reached XP level 8. HP: 37/61 MP: 8/8
  4366 | D:6      | Reached skill level 8 in Fighting
  5309 | D:6      | Found a stormy altar of Qazlal.
  5335 | D:7      | Identified the Tome of Battle Magic and the Blaze
  5517 | D:4      | Became a worshipper of Fedhas Madash
  5700 | D:7      | HP: 2/61 [vampire mosquito[the player character] (8)]
  5701 | D:7      | Slain by a vampire mosquito

Action                   |  1- 3 |  4- 6 |  7- 9 || total
-------------------------+-------+-------+-------++-------
Melee: Dagger            |    51 |    41 |    50 ||   142
       Trident           |       |       |   120 ||   120
 Fire: Shortbow          |       |       |    19 ||    19
Throw: Tomahawk          |       |       |     3 ||     3
 Cast: Blink             |       |       |     3 ||     3
Evoke: Deck              |       |     3 |     4 ||     7
       Wand              |       |     3 |     1 ||     4
  Use: Scroll            |     4 |     3 |     1 ||     8
       Potion            |     4 |       |     1 ||     5
 Stab: Sleeping          |    10 |     7 |    12 ||    29
       Distracted        |       |       |     1 ||     1
  Eat: Fruit             |       |     3 |       ||     3
       Chunk             |       |     1 |     1 ||     2
       Bread ration      |       |       |     1 ||     1
       Pizza             |       |       |     1 ||     1
       Beef jerky        |       |       |     3 ||     3
